 Dungeon Crawl Stone Soup version 0.27-a0-887-gcab673c142 (webtiles) character file.

Game seed: 16110576599854922791

1484 tilp the Cleaver (level 8, -2/76 HPs)
             Began as a Deep Dwarf Brigand on Apr 3, 2021.
             Slain by a two-headed ogre
             ... wielding a +0 giant club
              (24 damage)
             ... on level 4 of the Dungeon on Apr 4, 2021.
             The game lasted 00:24:37 (6012 turns).

tilp the Cleaver (Deep Dwarf Brigand)               Turns: 6012, Time: 00:24:38

Health: -2/76      AC: 12    Str: 16    XL:     8   Next: 50%
Magic:  6/6        EV:  4    Int: 13    God:
Gold:   278        SH:  0    Dex: 14    Spells: 7/7 levels left

rFire    . . .     SeeInvis .   b - +0 war axe (vamp)
rCold    . . .     Faith    .   (no shield)
rNeg     . . .     Spirit   .   k - +0 plate armour
rPois    .         Reflect  .   B - +0 helmet
rElec    .         Harm     .   c - +0 cloak
rCorr    .         Rampage  .   (no gloves)
Will     +....                  (no boots)
Stlth    ..........             (no amulet)
HPRegen  0.00/turn              (no ring)
MPRegen  0.10/turn              (no ring)

@: non-regenerating
A: damage resistance, heal wounds, sense surroundings 1, no regeneration
a: Heal Wounds


You were on level 4 of the Dungeon.
You visited 1 branch of the dungeon, and saw 4 of its levels.
You also visited: Sewer and Ossuary.

You collected 278 gold pieces.

Inventory:

Hand Weapons
 a - a +2 short sword of venom
 b - a +0 vampiric war axe (weapon)
Missiles
 d - 3 boomerangs
 e - 2 curare-tipped darts
 p - 3 poisoned darts (quivered)
 D - 4 javelins
Armour
 c - a +0 cloak (worn)
 j - a +0 scale mail
 k - a +0 plate armour (worn)
 B - a +0 helmet (worn)
Magical Staves
 A - a staff of air
Scrolls
 f - 4 scrolls of teleportation
 l - 2 scrolls of enchant weapon
 m - a scroll of blinking
 o - a scroll of fear
 s - a scroll of amnesia
 v - a scroll of silence {unknown}
 w - 3 scrolls of identify
 y - a scroll of magic mapping {unknown}
 C - a scroll of noise {unknown}
Potions
 g - 4 potions of attraction
 h - a potion of might
 i - a potion of mutation {unknown}
 q - a potion of brilliance {unknown}
 r - a potion of flight {unknown}
 t - 6 potions of curing {unknown}
 u - a potion of resistance {unknown}
 x - 2 potions of heal wounds
 z - a potion of degeneration {unknown}
 E - a potion of ambrosia {unknown}


   Skills:
 - Level 6.0 Fighting
 - Level 1.7 Short Blades
 * Level 9.3 Axes
 - Level 1.7 Throwing
 - Level 1.1 Dodging
 - Level 4.8 Stealth


You had 7 spell levels left.
You didn't know any spells.
Your spell library was empty.

Dungeon Overview and Level Annotations

Branches:
Dungeon (4/15)              Sewer (visited)         Ossuary (visited)
 Temple: D:4-7

Altars:
Qazlal
Trog
Uskayaw


Innate Abilities, Weirdness & Mutations

You are resistant to damage.
You can heal yourself by infusing magical energy.
You passively map a small area around you.
You do not regenerate.


Message History

You assume a fearsome visage.
The two-headed ogre looks frightened!
Unknown command.
You are too injured to fight recklessly!
Throw: 6 darts (poison)
Press: ? - help, Q - select action, (/) - cycle Shift-Dir - straight line, f - two-headed ogre
Aim: a two-headed ogre, wielding a +0 giant club and a +0 giant spiked club (fleeing, 76% to hit)
You throw a poisoned dart.
The poisoned dart closely misses the two-headed ogre.
Throw: 5 darts (poison)
Press: ? - help, Q - select action, (/) - cycle Shift-Dir - straight line, f/p - two-headed ogre
Aim: a two-headed ogre, wielding a +0 giant club and a +0 giant spiked club (fleeing, 74% to hit)
You throw a poisoned dart.
The poisoned dart hits the two-headed ogre.
The two-headed ogre is poisoned.
Your attack snaps the two-headed ogre out of its fear.
Throw: 4 darts (poison)
Press: ? - help, Q - select action, (/) - cycle Shift-Dir - straight line, f/p - two-headed ogre
Aim: a two-headed ogre, wielding a +0 giant club and a +0 giant spiked club (lightly wounded, poisoned, 74% to hit)
You throw a poisoned dart.
The poisoned dart hits the two-headed ogre.
The two-headed ogre looks even sicker.
The two-headed ogre is lightly wounded.
You hit the two-headed ogre.
The two-headed ogre is lightly wounded.
The two-headed ogre hits you with a +0 giant club.
The two-headed ogre hits you with a +0 giant spiked club!
* * * LOW HITPOINT WARNING * * *
You hit the two-headed ogre but do no damage.
The two-headed ogre is lightly wounded.
The two-headed ogre hits you with a +0 giant club!!
* * * LOW HITPOINT WARNING * * *
The two-headed ogre barely misses you.
Unknown command.
You fail to use your ability.
Unknown command.
You feel much better.
The two-headed ogre hits you with a +0 giant club!
* * * LOW HITPOINT WARNING * * *
The two-headed ogre hits you with a +0 giant spiked club!!
You die...

*, ##### ,
##...## ##.....##
, #((O@)).##
#...#.#...## ,*
#...##.##...##
#####
#...##...##...##
* ##...##
...##.....##...##
#.# ......## ..
#.......##...###
#.# .......# .
#.......###..'.#
#.# ..##..##
#.......##...#(#
#.# .......##
##.....##...##.#
#.#


You could see a two-headed ogre (very poisoned).

Vanquished Creatures
  A phantom (D:3)
  2 water moccasin zombies
  6 killer bees (D:4)
  6 centaur zombies (Ossuary)
  3 bullfrog zombies (Ossuary)
  2 orc priests (D:4)
  An iguana (D:4)
  15 mummies (Ossuary)
  A scorpion zombie (D:4)
  An orc wizard (D:4)
  3 killer bee zombies (Ossuary)
  5 gnolls (D:3)
  3 adders
  A worm (D:3)
  2 dart slugs
  8 orcs
  13 ball pythons
  5 endoplasms
  23 goblins
  32 hobgoblins
  15 jackals
  2 quokkas (D:1)
  6 bats
  4 frilled lizards
  13 kobolds
  A rat (D:3)
174 creatures vanquished.

Vanquished Creatures (others)
  18 plants (Sewer)
  14 withered plants
32 creatures vanquished.

Grand Total: 206 creatures vanquished

Notes
Turn   | Place    | Note
-------+----------+-------------------------------------------
     0 | D:1      | tilp the Deep Dwarf Brigand began the quest for the Orb.
     0 | D:1      | Reached XP level 1. HP: 19/19 MP: 1/1
   272 | D:1      | Found a faded altar of an unknown god.
   413 | D:1      | Reached XP level 2. HP: 24/27 MP: 2/2
  1576 | D:2      | Reached XP level 3. HP: 16/34 MP: 3/3
  2613 | D:3      | Found a glowing drain.
  2636 | Sewer    | Entered a sewer
  2897 | Sewer    | Reached XP level 4. HP: 21/44 MP: 4/4
  3694 | D:3      | Found a hide-covered altar of Uskayaw.
  3716 | D:3      | Found a stormy altar of Qazlal.
  4163 | D:3      | Reached XP level 5. HP: 30/51 MP: 4/4
  4191 | D:3      | Reached skill level 5 in Fighting
  4443 | D:3      | Reached XP level 6. HP: 17/62 MP: 5/5
  4841 | D:4      | Found a bloodstained altar of Trog.
  4917 | D:4      | Found a sand-covered staircase.
  4928 | Ossuary  | Entered an ossuary
  4939 | Ossuary  | Reached skill level 1 in Axes
  4952 | Ossuary  | Reached skill level 2 in Axes
  4975 | Ossuary  | Reached skill level 3 in Axes
  4990 | Ossuary  | Reached skill level 4 in Axes
  4990 | Ossuary  | Reached XP level 7. HP: 22/69 MP: 6/6
  5061 | Ossuary  | Reached skill level 5 in Axes
  5352 | Ossuary  | Reached skill level 6 in Axes
  5484 | Ossuary  | Reached skill level 7 in Axes
  5525 | Ossuary  | Reached XP level 8. HP: 34/76 MP: 6/6
  5629 | D:4      | Identified the +1 robe of Toikey {rF++ rC- Str-4 Dex+4}
  5796 | D:4      | Reached skill level 8 in Axes
  5908 | D:4      | Reached skill level 9 in Axes
  6004 | D:4      | Noticed a two-headed ogre
  6012 | D:4      | Slain by a two-headed ogre

Illustrated notes

Levels and vault maps discovered:
D:1:      dpeg_arrival_oval, layout_basic, shapermc_ecumenical_altar_flowoftime
D:2:      layout_loops_ring
D:3:      minmay_goblin_kobold_castle, layout_loops_ring, lemuel_doored_altar,
          general_overflow_altar, cheibrodos_sewer_entry_sluice
D:4:      layout_cave_pools, old_standard_altar, nicolae_ossuary_entry_ruins,
          kennysheep_diamond

Skill      XL: |  1  2  3  4  5  6  7  8 |
---------------+-------------------------+-----
Fighting       | 2 3 4 5 6 |  6.0
Axes           | 4 7 9 |  9.3
Short Blades   | |  1.7
Throwing       | |  1.7
Dodging        | |  1.1
Stealth        | |  4.8

Action                   |  1- 3 |  4- 6 |  7- 9 || total
-------------------------+-------+-------+-------++-------
Melee: Dagger            |   171 |    69 |       ||   240
       Short sword       |       |   140 |       ||   140
       War axe           |       |    68 |   180 ||   248
Throw: Dart              |    13 |    17 |     4 ||    34
       Stone             |     6 |    12 |       ||    18
       Boomerang         |       |       |     6 ||     6
 Abil: Heal Wounds       |       |     5 |     9 ||    14
  Use: Scroll            |     6 |     5 |     1 ||    12
       Potion            |       |     1 |     1 ||     2
 Stab: Sleeping          |     4 |       |       ||     4
Armor: Scale mail        |    54 |   131 |    40 ||   225
       Robe              |     1 |       |       ||     1
       Plate armour      |       |       |    88 ||    88
Dodge: Dodged            |    74 |   137 |    52 ||   263

Table legend: (Time is in decaauts)
 A = Elapsed time spent in this place.
 B = Non-inter-level travel time spent in this place.
 C = Inter-level travel time spent in this place.
 D = Time resting spent in this place.
 E = Time spent auto-exploring this place.
 F = Levels seen in this place.
 G = Mean time per level.
                   A        B        C        D        E       F      G
               +--------+--------+--------+--------+--------+-----+--------+
         Total |   6268 |   5941 |    327 |   1504 |   2180 |   6 | 1044.7 |
       Dungeon |   4689 |   4362 |    327 |   1220 |   1618 |   4 | 1172.2 |
         Sewer |    824 |    824 |      0 |     30 |    442 |   1 |  824.0 |
       Ossuary |    754 |    754 |      0 |    254 |    119 |   1 |  754.0 |
               +--------+--------+--------+--------+--------+-----+--------+

Top non-repeatable levels by time:
     D:3: 1582 daAuts
     D:1: 1351 daAuts
     D:2: 1197 daAuts
   Sewer: 824 daAuts
 Ossuary: 754 daAuts
     D:4: 558 daAuts
